 Dungeon Crawl Stone Soup version 0.31-a0-321-g19405a7a6a (webtiles) character file.

Game seed: 15514845246405786310

719 HallandMoats the Trooper (level 7, -3/38 HPs)
             Began as a Vine Stalker Fighter on July 17, 2023.
             Succumbed to an orc warrior's poison
             ... on level 4 of the Dungeon.
             The game lasted 00:06:27 (3140 turns).

HallandMoats the Trooper (Vine Stalker Fighter)     Turns: 3140, Time: 00:06:28

Health: -3/38      AC:  9    Str: 21    XL:     7   Next: 70%
Magic:  1/8        EV: 12    Int:  8    God:
Gold:   257        SH:  5    Dex: 13    Spells: 6/6 levels left

rFire   . . .        b - +2 dagger (venom)
rCold   + . .        c - +0 buckler
rNeg    . . .        C - +0 leather armour {rC+}
rPois   .            j - +0 helmet
rElec   .            (no cloak)
rCorr   .            (no gloves)
SInv    .            o - +0 pair of boots
Will    .....        g - amulet of regeneration
Stlth   +            u - +4 ring of protection
HPRegen 1.86/turn    (no ring)
MPRegen 0.11/turn

%: guardian spirit
@: lethally poisoned (-3 -> -18)
A: fangs 2, regeneration 1, magic shield, antimagic bite, no potion heal 2
a: no special abilities


You were on level 4 of the Dungeon.
You visited 1 branch of the dungeon, and saw 4 of its levels.

You collected 281 gold pieces.
You spent 24 gold pieces at shops.

Inventory:

Hand Weapons
 a - a +0 war axe
 b - a +2 dagger of venom (weapon)
Armour
 c - a +0 buckler (worn)
 j - a +0 helmet (worn)
 o - a +0 pair of boots (worn)
 C - a +0 leather armour of cold resistance (worn)
Jewellery
 g - an amulet of regeneration (around neck)
 u - a +4 ring of protection (left hand)
Wands
 B - a wand of iceblast (6)
Scrolls
 e - a scroll of summoning {unknown}
 f - a scroll of fog {unknown}
 h - a scroll of vulnerability {unknown}
 i - 3 scrolls of blinking {unknown}
 k - a scroll of revelation {unknown}
 n - 2 scrolls of enchant weapon {unknown}
 p - 2 scrolls of fear {unknown}
 q - a scroll of poison {unknown}
 r - 2 scrolls of amnesia {unknown}
 t - a scroll of noise {unknown}
 w - a scroll of identify
 y - a scroll of brand weapon {unknown}
 A - a scroll of immolation {unknown}
Potions
 d - a potion of might
 m - 3 potions of enlightenment {unknown}
 s - 2 potions of curing {unknown}
 v - a potion of ambrosia {unknown}
 x - a potion of mutation {unknown}
 z - 2 potions of haste {unknown}


   Skills:
 * Level 4.7 Fighting
 * Level 4.2 Axes
 + Level 3.5 Armour
 + Level 2.4 Dodging
 + Level 3.8 Shields


You had 6 spell levels left.
You didn't know any spells.
Your spell library was empty.

Dungeon Overview and Level Annotations

Branches:
Dungeon (4/15)
 Temple: D:4-7

Altars:
Hepliaklqana
Vehumet
Xom

Shops:
D:2 *


Innate Abilities, Weirdness & Mutations

You have extremely sharp teeth.
Your natural rate of healing is unusually fast.
When hurt, damage is shared between your health and your magic reserves.
Your bite disrupts and absorbs the magic of your enemies.
Potions cannot restore your health.


Message History

The orc barely misses you.
You closely miss the orc. The orc hits you with a +0 club.
You hit the orc.
The orc looks even sicker.
The orc is heavily wounded.
You block the orc's attack.
You hit the orc.
The orc looks as sick as possible!
Your bite misses the orc.
The orc is severely wounded.
You kill the orc!
You barely miss the orc. The orc barely misses you.
You completely miss the orc. You bite the orc. You drain its power.
The orc is moderately wounded.
The orc hits you but does no damage.
The orc warrior hits you from afar with a +2 trident of venom!
You are poisoned.
You hit the orc.
The orc is poisoned.
You bite the orc. You drain its power.
You feel invigorated.
The orc is almost dead.
You feel very sick.
You kill the orc!
The orc warrior closely misses you.
Found a robe.
You feel very sick.
The orc warrior hits you with a +2 trident of venom!
You are more poisoned.
Items here: )) [ †.
You hit the orc warrior but do no damage.
The orc warrior is poisoned.
* * * LOW HITPOINT WARNING * * *
You feel extremely sick. You block the orc warrior's attack.
You hit the orc warrior but do no damage.
The orc warrior looks as sick as possible!
Your bite misses the orc warrior.
The orc warrior is lightly wounded.
* * * LOW HITPOINT WARNING * * *
You feel very sick.
The orc warrior hits you with a +2 trident of venom!
* * * LOW HITPOINT WARNING * * *
You are more poisoned.
You die...

####. .# ## .....###.#
# ##### .# #.).#.######
#....##. ##.........##
#....#.. ##............
#......###....)......##
#..[..o##..#.........#.
#)##<##...........
#@##.##..........#
#.#..##..........#
#...###.........##
##.## #.........#
#...>....#.##..##
#....###.#.###.# #$#.##
....# #.# .. .. ....##
#.# ### #..~~~. #..


You could see an orc warrior (extremely poisoned).

Vanquished Creatures
  Edmund (D:4)
  2 scorpions
  4 jellies
  A hound (D:4)
  2 orc priests (D:4)
  3 orc wizards (D:3)
  6 gnolls (D:4)
  3 adders (D:2)
  A shadow imp (D:3)
  A worm (D:2)
  A dart slug (D:3)
  17 orcs
  4 bats
  11 endoplasms
  3 giant cockroaches
  5 goblins
  11 hobgoblins
  4 jackals (D:1)
  13 kobolds
  3 quokkas (D:1)
  5 ball pythons
  A frilled lizard (D:3)
  3 rats
105 creatures vanquished.

Notes
Turn   | Place    | Note
-------+----------+-------------------------------------------
     0 | D:1      | HallandMoats the Vine Stalker Fighter began the quest for
                  | the Orb.
     0 | D:1      | Reached XP level 1. HP: 11/11 MP: 2/2
    33 | D:1      | Reached XP level 2. HP: 8/16 MP: 3/3
   481 | D:1      | Reached XP level 3. HP: 19/20 MP: 1/4
   944 | D:2      | Reached skill level 1 in Dodging
  1208 | D:2      | Gained mutation: Your natural rate of healing is unusually
                  | fast. [Vine Stalker growth]
  1208 | D:2      | Reached XP level 4. HP: 24/24 MP: 5/5
  1352 | D:2      | Reached XP level 5. HP: 16/28 MP: 1/6
  1488 | D:2      | Found Jedweogo's General Store.
  1498 | D:2      | Bought a scroll of identify for 24 gold pieces
  2146 | D:3      | Noticed a golden eye
  2148 | D:3      | Found a faded altar of an unknown god.
  2150 | D:3      | Noticed a floating eye
  2150 | D:3      | Noticed a great orb of eyes
  2150 | D:3      | Noticed a floating eye
  2219 | D:3      | Reached XP level 6. HP: 29/33 MP: 7/7
  2230 | D:3      | Found a shimmering altar of Xom.
  2691 | D:4      | Found a hazy altar of Hepliaklqana.
  2724 | D:4      | Found a radiant altar of Vehumet.
  2734 | D:4      | Noticed Edmund
  2750 | D:4      | Reached XP level 7. HP: 37/37 MP: 6/8
  2762 | D:4      | Killed Edmund
  3140 | D:4      | Succumbed to an orc warrior's poison

Illustrated notes

Levels and vault maps discovered:
D:1:      amcnicky_arrival_flooded_fountain, layout_loops_ring,
          hangedman_decor_slide_cut, hex_large
D:2:      cheibrodos_fertilizer, layout_loops_corners, serial_shops,
          nicolae_lakefront_shop
D:3:      layout_basic, dk_xom_monty_hall,
          hellmonk_ecumenical_altar_watching_god
D:4:      layout_rooms, kennysheep_slug_shrine,
          nicolae_hepliaklqana_hippocampus, nicolae_overflow_squiral,
          mainiacjoe_overflow_surrounded_room, serial_shops, shop,
          kennysheep_orc_chapel, uniq_edmund

Skill      XL: |  1  2  3  4  5  6  7 |
---------------+----------------------+-----
Axes           | 2 3 4 |  4.2
Fighting       | 3 4 |  4.7
Dodging        | 1 2 |  2.4
Shields        | 3 |  3.8
Armour         | 3 |  3.5

Action                     |  1- 3 |  4- 6 |  7- 9 || total
---------------------------+-------+-------+-------++-------
  Melee: War axe           |    41 |       |       ||    41
         Bite              |    14 |    63 |    16 ||    93
         Dagger            |    42 |   167 |    56 ||   265
    Use: Scroll            |       |     1 |       ||     1
 Armour: Scale mail        |    44 |    54 |     3 ||   101
         Leather armour    |       |       |    27 ||    27
  Dodge: Dodged            |    39 |    46 |    30 ||   115
  Block: Buckler           |    17 |    26 |    20 ||    63

Table legend: (Time is in decaauts)
 A = Elapsed time spent in this place.
 B = Non-inter-level travel time spent in this place.
 C = Inter-level travel time spent in this place.
 D = Time resting spent in this place.
 E = Time spent auto-exploring this place.
 F = Levels seen in this place.
 G = Mean time per level.
                   A        B        C        D        E       F      G
               +--------+--------+--------+--------+--------+-----+--------+
         Total |   3165 |   3165 |      0 |    212 |   1982 |   4 |  791.2 |
       Dungeon |   3165 |   3165 |      0 |    212 |   1982 |   4 |  791.2 |
               +--------+--------+--------+--------+--------+-----+--------+

Top non-repeatable levels by time:
     D:2: 1005 daAuts
     D:1: 869 daAuts
     D:3: 802 daAuts
     D:4: 488 daAuts
